Map: White Rabbit LE

Players

Rideout

  • Race: Zerg Zerg
  • League: Master
  • Spawn Location: 7:00

A.I. 1 (Very Easy) - Winner!

  • Race: Terran Terran
  • Spawn Location: 1:00

VOD

Have the link to the VOD?

Description

Time

  • Played on: June 2, 2026, 11:30 p.m.
  • Length: 9:10
Show
View Real Time Build Order
Export as new Build Order

Rideout Zerg 

Build Orders: Hatch First 

Get SALT Encoding   

  12  0:00  Drone  
  13  0:12  Overlord  
  13  0:17  Drone  
  14  0:32  Drone x2  
  16  0:45  Hatchery  
  15  0:50  Drone  
  15  0:52  Drone  
  17  0:57  Drone  
  18  1:09  Extractor  
  17  1:12  Spawning Pool  
  17  1:15  Drone  
  17  1:18  Drone  
  18  1:28  Drone  
  19  1:40  Drone  
  20  1:50  Overlord  
  20  1:59  Queen x2  
  20  2:00  Zergling x2  
  20  2:01  Zergling x2  
  26  2:11  Drone x2  
  26  2:12  Metabolic Boost  
  28  2:22  Drone x2  
  30  2:32  Drone  
  30  2:33  Drone  
  32  2:38  Queen  
  32  2:40  Overlord  
  34  2:52  Lair  
  34  2:57  Drone x2  
  36  3:06  Roach Warren  
  36  3:09  Evolution Chamber  
  36  3:10  Drone x4  
  38  3:13  Drone  
  38  3:19  Drone x2  
  41  3:29  Overlord  
  41  3:30  Drone x3  
  44  3:35  Extractor  
  44  3:37  Extractor  
  44  3:39  Drone x2  
  44  3:46  Overlord  
  44  3:49  Roach  
  44  3:50  Roach x3  
  52  4:00  Overlord  
  52  4:07  Glial Reconstitution  
  52  4:11  Drone  
  52  4:12  Drone x4  
  57  4:19  Zerg Missile Weapons Level 1  
  57  4:22  Roach  
  59  4:27  Overlord x2  
  59  4:29  Roach x2  
  63  4:34  Roach  
  63  4:35  Roach  
  67  4:47  Roach x2  
  71  4:54  Roach  
  73  5:05  Drone  
  73  5:06  Overlord x2  
  76  5:07  Hatchery, Roach x4  
  81  5:20  Roach  
  83  5:23  Overlord  
  83  5:29  Roach  
  83  5:30  Roach  
  87  5:36  Roach x6  
  99  5:43  Roach  
  99  5:48  Roach  
  103  5:54  Roach  
  105  5:58  Overlord  
  105  6:00  Overlord x2  
  105  6:02  Roach  
  107  6:17  Roach  
  107  6:18  Roach x4  
  117  6:22  Zerg Missile Weapons Level 2  
  116  6:26  Queen  
  116  6:32  Roach x2  
  129  6:33  Roach x5  
  129  6:34  Roach  
  129  6:37  Overlord  
  129  6:38  Overlord  
  133  6:41  Overlord  
  133  6:54  Drone  
  133  6:55  Drone x3  
  133  7:00  Drone x2  
  133  7:01  Drone x5  
  144  7:10  Drone  
  144  7:15  Drone x3  
  148  7:23  Overlord x2  
  148  7:24  Overlord  
  148  7:40  Roach x6  
  148  7:43  Roach x5  
  170  7:45  Roach  
  172  7:56  Drone x3  
  175  8:02  Roach x3  
  181  8:06  Hatchery  
  180  8:13  Extractor, Roach  
  180  8:14  Roach x2  
  180  8:15  Extractor  
  180  8:17  Evolution Chamber  
  183  8:22  Overlord x4  
  183  8:32  Extractor  
  183  8:34  Roach x2, Hydralisk Den  
  185  8:42  Drone x3  
  185  8:43  Drone x3  
  185  8:45  Roach  
  193  8:50  Roach x3  
Show
View Real Time Build Order
Export as new Build Order

A.I. 1 (Very Easy) Terran - Winner!

Build Orders:  

Get SALT Encoding   

  12  0:00  SCV  
  13  0:13  SCV  
  14  0:18  Supply Depot  
  14  0:36  Refinery  
  14  0:44  Barracks  
  14  1:04  Supply Depot  
  14  1:12  Refinery  
  14  1:31  Marine  
  15  1:33  Orbital Command  
  15  1:49  Barracks Tech Lab  
  15  1:59  SCV  
  16  2:11  SCV  
  17  2:18  Marine  
  18  2:23  SCV  
  19  2:35  SCV  
  20  2:47  SCV  
  21  2:59  SCV  
  21  3:05  Marauder  
  24  6:24  Marine  
  25  6:25  Supply Depot  
  21  6:37  SCV  
  12  6:49  SCV  
  3  7:04  Supply Depot  
Tags
 
League
Master
Matchup
TvZ
Spawn Locations
Cross Positions
Add a new tag
Caveats
  • Supply blocks, unpowered buildings, or Contaminate may cause inaccurate times.
  • Supply counts are checked every 10 seconds.